 Dungeon Crawl Stone Soup version 0.30.0-10-gfe55d96785 (webtiles) character file.

Game seed: 5073512379310957144

3 SnakkuSnakku7 the Caller (level 1, -2/16 HPs)
             Began as an Armataur Summoner on May 14, 2023.
             Frozen to death by an endoplasm (3 damage)
             ... on level 1 of the Dungeon.
             The game lasted 00:00:14 (67 turns).

SnakkuSnakku7 the Caller (Armataur Summoner)          Turns: 67, Time: 00:00:15

Health: -2/16      AC:  4    Str: 13    XL:     1   Next: 41%
Magic:  0/3        EV:  9    Int: 15    God:
Gold:   6          SH:  0    Dex: 10    Spells: 2/3 levels left

rFire   . . .        (no weapon)
rCold   . . .        (no shield)
rNeg    . . .        a - +0 robe
rPois   .            (no helmet)
rElec   .            (no cloak)
rCorr   .            (no gloves)
SInv    .            (no barding)
Will    .....        (no amulet)
Stlth   ++           (no ring)
HPRegen 0.22/turn    (no ring)
MPRegen 0.08/turn

%: roll
@: no status effects
A: large, rugged brown scales 3, deformed body, armoured tail, roll, long
tongue, awkward tongue
a: no special abilities


You were on level 1 of the Dungeon.
You visited 1 branch of the dungeon, and saw 1 of its levels.

You collected 6 gold pieces.

Inventory:

Armour
 a - a +0 robe (worn)
Potions
 b - 2 potions of magic
 c - 2 potions of brilliance {unknown}
 d - a potion of attraction {unknown}


   Skills:
 + Level 0.8 Fighting
 - Level 1.3 Dodging
 - Level 2.1 Stealth
 - Level 1.7 Spellcasting
 - Level 3.2 Summonings


You had 2 spell levels left.
You knew the following spells:

 Your Spells              Type           Power      Damage    Failure   Level
a - Summon Small Mammal   Summ           44%        N/A       6%          1

Your spell library contained the following spells:

 Spells                   Type           Power      Damage    Failure   Level
 Call Imp                 Summ           22%        N/A       9%          2
 Call Canine Familiar     Summ           11%        N/A       19%         3
 Summon Guardian Golem    Hex/Summ       6%         N/A       34%         3
 Summon Lightning Spire   Summ/Air       6%         N/A       75%         4


Dungeon Overview and Level Annotations

Branches:
Dungeon (1/15)

Altars:


Innate Abilities, Weirdness & Mutations

You are completely covered in rugged brown scales. (AC +3, +7% HP)
Armour fits poorly on your strangely shaped body.
You have a long armoured tail.
You roll when moving toward enemies. (Rampage)
Your long tongue fully drains potion bottles. (2x potion effects)
Your tongue gives you trouble enunciating. (1.5x scroll delay)


Message History

The endoplasm freezes you.
You are frozen.
You hit the endoplasm.
The endoplasm is lightly wounded.
The frilled lizard hisses angrily.
Your bat completely misses the ball python.
Your bat hits the endoplasm but does no damage.
The ball python misses you.
Your bat hits the endoplasm but does no damage.
The ball python bites you. The endoplasm freezes you.
You are frozen.
* * * LOW HITPOINT WARNING * * *
You completely miss the endoplasm.
The endoplasm is lightly wounded.
Your bat barely misses the ball python.
Your bat hits the endoplasm. The ball python bites you.
* * * LOW HITPOINT WARNING * * *
Your bat hits the endoplasm. The endoplasm freezes you.
You are frozen.
* * * LOW HITPOINT WARNING * * *
You hit the endoplasm.
The endoplasm is severely wounded.
Your bat misses the ball python.
Your bat closely misses the ball python.
Your bat barely misses the endoplasm.
The ball python misses you.
Your bat hits the endoplasm but does no damage.
The endoplasm hits you but does no damage.
Your bat closely misses the ball python.
Your bat barely misses the endoplasm.
You see here a scroll labelled UROVOO NELYUS.
You closely miss the ball python.
The ball python is moderately wounded.
Your bat barely misses the ball python.
Your bat barely misses the frilled lizard.
The ball python barely misses you. The endoplasm freezes you.
You are frozen.
You die...

####### #......
#......
#......#####
#....l.....#
#....b.....#
#....b.S@..#
.......J####
#.....#.#######
......#........
#.... #..######
#.... #..#
##.####..######
.......†.>....#
#........##.##


You could see an endoplasm (ally target), a ball python (ally target), a frilled
lizard and 2 friendly bats.

Vanquished Creatures
  A dart slug (D:1)
  A rat (D:1)
2 creatures vanquished.

Notes
Turn   | Place    | Note
-------+----------+-------------------------------------------
     0 | D:1      | SnakkuSnakku7 the Armataur Summoner began the quest for the
                  | Orb.
     0 | D:1      | Reached XP level 1. HP: 14/14 MP: 3/3
    67 | D:1      | Frozen to death by an endoplasm

Illustrated notes

Levels and vault maps discovered:
D:1:      dpeg_arrival_pits, layout_basic

Action                     || total
---------------------------++-------
  Melee: Unarmed           ||    12
         Tailslap          ||     1
   Cast: Summon Small Mamm ||     3
 Armour: Robe              ||     4
  Dodge: Dodged            ||     7
